 Dungeon Crawl Stone Soup version 0.29.0-4-gdea44cf6ec (webtiles) character file.

Game seed: 15310259096373607873

105 qw the Chopper (level 4, -5/26 HPs)
             Began as a Tengu Warper on Aug 28, 2022.
             Slain by Grinder (7 damage)
             ... on level 4 of the Dungeon.
             The game lasted 00:00:15 (3034 turns).

qw the Chopper (Tengu Warper)                       Turns: 3034, Time: 00:00:16

Health: -5/26      AC:  4    Str: 13    XL:     4   Next: 83%
Magic:  8/8        EV: 12    Int: 13    God:
Gold:   162        SH:  0    Dex: 14    Spells: 7/7 levels left

rFire   . . .      SeeInvis .   Y - +0 war axe
rCold   . . .      Faith    .   (no shield)
rNeg    . . .      Spirit   .   b - +0 leather armour
rPois   .          Reflect  .   (helmet restricted)
rElec   .          Harm     .   (no cloak)
rCorr   .          Rampage  .   d - +0 pair of gloves
Will    .....                   (boots unavailable)
Stlth   +.........              (no amulet)
HPRegen 0.08/turn               (no ring)
MPRegen 0.11/turn               (no ring)

@: no status effects
A: beak, talons 3
a: no special abilities


You were on level 4 of the Dungeon.
You visited 1 branch of the dungeon, and saw 4 of its levels.

You collected 162 gold pieces.


Innate Abilities, Weirdness & Mutations

You have a beak for a mouth.
You have claws for feet.


   Skills:
 - Level 2.0 Fighting
 + Level 5.3 Axes
 - Level 1.0 Throwing
 - Level 1.1 Armour
 - Level 2.1 Dodging
 - Level 2.0 Spellcasting
 - Level 2.4 Translocations


You had 7 spell levels left.
You didn't know any spells.
Your spell library contained the following spells:

 Spells                   Type           Power      Damage    Failure   Level
 Blink                    Tloc           14%        N/A       19%         2
 Gell's Gravitas          Tloc           7%         N/A       36%         3
 Lesser Beckoning         Tloc           7%         N/A       36%         3
 Teleport Other           Tloc           7%         N/A       36%         3
 Manifold Assault         Tloc           7%         N/A       98%         5

Inventory:

Hand Weapons
 f - a +0 whip
 Y - a +0 war axe (weapon)
Armour
 b - a +0 leather armour (worn)
 d - a +0 pair of gloves (worn)
Potions
 c - a potion of heal wounds {unknown}
 e - a potion of attraction {unknown}
 g - a potion of curing
 h - a potion of berserk rage {unknown}
 j - a potion of cancellation {unknown}

Dungeon Overview and Level Annotations

Branches:
Dungeon (4/15)
 Temple: D:4-7

Altars:
The Shining One

Annotations:
D:4 Grinder


Message History

Grinder barely misses you.
You slash Grinder! You claw Grinder, but do no damage.
You peck Grinder, but do no damage.
Grinder is moderately wounded.
Grinder gestures at you.
You suddenly lose the ability to move!
Grinder gestures at you. Pain shoots through your body! Grinder hits you.
You writhe in agony.
Grinder completely misses you.
You can move again.
You closely miss Grinder. Your kick misses Grinder.
You peck Grinder, but do no damage.
Grinder is moderately wounded.
Grinder hits you but does no damage.
You closely miss Grinder. Your kick misses Grinder.
You punch Grinder, but do no damage.
Grinder is moderately wounded.
Grinder closely misses you.
Grinder says, "I used to sell toenails on the black market."
Grinder hits you.
You closely miss Grinder.
Grinder is moderately wounded.
Grinder hits you but does no damage.
You barely miss Grinder.
Grinder is moderately wounded.
Grinder gestures at you. Pain shoots through your body!
You hit Grinder. Your kick misses Grinder.
Grinder is moderately wounded.
Grinder barely misses you.
You hit Grinder. You claw Grinder, but do no damage.
Grinder is heavily wounded.
Grinder closely misses you. Grinder gestures at you.
Pain shoots through your body!
You closely miss Grinder. You claw Grinder!
Grinder is severely wounded.
Grinder hits you!
You die...

... #. ..... # ..#.
#... #. #... #..#
#.. ...###.(# ..
#... .......# ...
#....##.....## #..#
.............##...#
##<.....@5..#
#.....<...##
##....##....#
#...........#
##...$..#..##
###.####### ###


You could see Grinder.

Vanquished Creatures
  5 adders
  A worm (D:2)
  A dart slug (D:3)
  6 ball pythons
  8 bats
  3 endoplasms
  6 giant cockroaches
  3 goblins
  5 hobgoblins
  6 quokkas (D:1)
  2 frilled lizards (D:2)
  3 kobolds
  3 rats (D:1)
52 creatures vanquished.

Notes
Turn   | Place    | Note
-------+----------+-------------------------------------------
     0 | D:1      | qw the Tengu Warper began the quest for the Orb.
     0 | D:1      | Reached XP level 1. HP: 12/12 MP: 4/4
     0 | D:1      | 0 ||| qw: Version: 0.1-a-89-g26bdef1
     0 | D:1      | 0 ||| qw: Game counter: 2656
     0 | D:1      | 0 ||| qw: Always use a shield: true
     0 | D:1      | 0 ||| qw: God list: Okawaru
     0 | D:1      | 0 ||| qw: Allow faded altars: false
     0 | D:1      | 0 ||| qw: Do Orc after D:15 true
     0 | D:1      | 0 ||| qw: Do second Lair branch before Depths: true
     0 | D:1      | 0 ||| qw: Lair rune preference: random
     0 | D:1      | 0 ||| qw: Plans: Normal
     0 | D:1      | 0 ||| PLANNING D:1-11
    11 | D:1      | 11 ||| Stepping ~*~*~tactically~*~*~ (stealth).
   102 | D:1      | Reached XP level 2. HP: 17/17 MP: 6/6
   162 | D:1      | Reached skill level 3 in Axes
   650 | D:1      | Found a faded altar of an unknown god.
   855 | D:1      | Reached XP level 3. HP: 21/21 MP: 7/7
   968 | D:1      | 968 ||| Stepping ~*~*~tactically~*~*~ (stealth).
   983 | D:1      | Reached skill level 4 in Axes
  1182 | D:1      | 1182 ||| UPGRADING to +0 pair of gloves.
  1187 | D:1      | 1187 ||| DRINKING 2 black potions.
  1188 | D:1      | 1188 ||| DROPPING scroll of blinking.
  1343 | D:2      | You fall into a shaft and drop 1 floor!
  1372 | D:3      | Found a glowing golden altar of the Shining One.
  1467 | D:3      | 1467 ||| Stepping ~*~*~tactically~*~*~ (hiding).
  1468 | D:3      | 1468 ||| Stepping ~*~*~tactically~*~*~ (hiding).
  1621 | D:2      | Reached XP level 4. HP: 26/26 MP: 8/8
  1734 | D:2      | 1734 ||| Stepping ~*~*~tactically~*~*~ (stealth).
  1736 | D:2      | 1736 ||| Stepping ~*~*~tactically~*~*~ (stealth).
  2188 | D:2      | Reached skill level 5 in Axes
  2452 | D:2      | 2452 ||| SWAPPING to +0 war axe.
  2453 | D:2      | 2453 ||| DROPPING +0 hand axe.
  2454 | D:2      | 2454 ||| READING scroll labelled VYINEQ BICWE.
  2455 | D:2      | 2455 ||| DRINKING 2 sedimented white potions.
  2490 | D:2      | 2490 ||| DROPPING potion of lignification.
  2985 | D:3      | 2985 ||| READING scroll labelled XOYRESSAIL.
  2986 | D:3      | 2986 ||| READING scroll labelled DURPHOA JUXITAH.
  3012 | D:4      | Noticed Grinder
  3013 | D:4      | 3013 ||| Stepping ~*~*~tactically~*~*~ (hiding).
  3014 | D:4      | 3014 ||| Stepping ~*~*~tactically~*~*~ (hiding).
  3017 | D:4      | 3017 ||| Stepping ~*~*~tactically~*~*~ (hiding).
  3018 | D:4      | 3018 ||| Stepping ~*~*~tactically~*~*~ (hiding).
  3024 | D:4      | Paralysed by Grinder for 4 turns
  3026 | D:4      | HP: 6/26 [Grinder (4)]
  3031 | D:4      | HP: 4/26 [Grinder/nerve-wracking pain (2)]
  3034 | D:4      | Slain by Grinder

Levels and vault maps discovered:
D:1:      evilmike_arrival_crescent, layout_rooms, basic_ecumenical_altar,
          minmay_stone_trees_small
D:2:      layout_loops_corners, dk_vineyard_2
D:3:      layout_loops_ring, overflow_temple_1_default, minmay_misc_feat_square
D:4:      layout_cave_pools, serial_rivers, chequers_serial_rivers_micro_c,
          chequers_serial_rivers_marsh, chequers_serial_rivers_small_3,
          chequers_serial_rivers_micro_c, serial_shops, nicolae_take_the_stairs,
          kennysheep_opposing_triangles, uniq_grinder, uniq_natasha,
          uniq_blork_the_orc

Skill      XL: |  1  2  3  4 |
---------------+-------------+-----
Axes           | 3 4 5 |  5.3
Fighting       | |  2.0
Throwing       | |  1.0
Armour         | |  1.1
Dodging        | |  2.1
Spellcasting   | |  2.0
Translocations | |  2.4

Action                   |  1- 3 |  4- 6 || total
-------------------------+-------+-------++-------
Melee: Hand axe          |    90 |    24 ||   114
       Kick              |    23 |    10 ||    33
       Peck              |     9 |    11 ||    20
       War axe           |       |    26 ||    26
       Punch             |       |     1 ||     1
Throw: Boomerang         |     7 |       ||     7
  Use: Potion            |     1 |     1 ||     2
       Scroll            |       |     3 ||     3
Armor: Leather armour    |    27 |    14 ||    41
Dodge: Dodged            |    58 |    28 ||    86

Table legend:
 A = Non-vault XP
 B = Vault XP
 C = Vault XP percentage of total XP
 D = Non-vault monster count
 E = Vault monster count
 F = Vault count percentage of total count
                 A         B        C        D         E       F
            +---------+---------+-------+---------+---------+-------
      Total |     151 |       0 |   0.0 |      52 |       0 |   0.0
            +---------+---------+-------+---------+---------+-------
        D:1 |      45 |       0 |   0.0 |      27 |       0 |   0.0
        D:2 |      62 |       0 |   0.0 |      15 |       0 |   0.0
        D:3 |      44 |       0 |   0.0 |      10 |       0 |   0.0
            +---------+---------+-------+---------+---------+-------
